Cogmind - Beta 13 @@@ ROGUE MODE // 2024.06.09 @ 14:57:56 Player: ZergFTW Result: Destroyed by G-50 Soldier with Heavy Laser Performance ------------- Evolutions (2) 1000 Regions Visited (5) 1000 Robots Destroyed (82) 410 Value Destroyed (2238) 2238 Prototype IDs (5) 100 Alien Tech Used (0) 0 Bonus (653) 653 TOTAL SCORE: 5401 Bonus ------- High Alert Combat Kills 218 Follower Combat Kills 135 Aligned with FarCom 300 Cogmind --------- Core Integrity 0/550 Matter 300/300 Energy 249/250 System Corruption 22% Temperature Cool (9) Movement Core (100) Ox1 Location -8/Materials Parts ------- > --- POWER (1) -------- Ion Engine > --- PROPULSION (5) --- (None) > --- UTILITY (3) ------ Signal Interpreter Improved Targeting Computer > --- WEAPON (2) ------- (None) > --- INVENTORY (5) ---- Airjet Large Battery (200) Improved Targeting Computer Latent Energy Streamer Peak State ------------ > --- POWER ------------ Heavy Ion Engine > --- PROPULSION ------- Hover Unit Hover Unit Improved Hover Unit Improved Hover Unit Improved Hover Unit > --- UTILITY ---------- Large Battery Signal Interpreter Improved Targeting Computer > --- WEAPON ----------- Latent Energy Streamer Missile Launcher > --- INVENTORY -------- Ion Engine Light Deuterium Engine Small Storage Unit Improved Targeting Computer Mini Grenade Launcher [Rating: 28] Favorites ----------- Power Ion Engine Engine Ion Engine Propulsion Wheel Wheel Wheel Hover Unit Improved Hover Unit Flight Unit Improved VTOL Module Utility Signal Interpreter Device Improved Terrain Scanner Storage Small Storage Unit Processor Signal Interpreter Weapon EMP Blaster Energy Gun Medium Laser Energy Cannon Latent Energy Streamer Ballistic Gun Assault Rifle Ballistic Cannon Improved Light Cannon Launcher EMP Blaster Special Weapon Mining Laser Special Melee Weapon Datajack Build | -11 -10 -10 -10 -9 -8 ------- Run | Yrd Mat Min Exi Min Mat Slots Evolved 4 | . . . . . 4 Power . | . . . . . . Propulsion 3 | . . . . . 3 Utility 1 | . . . . . 1 Weapon . | . . . . . . Parts Attached 69 | 10 28 6 3 . 22 Power 11 | 1 5 2 . . 3 Engine 11 | 1 5 2 . . 3 Core . | . . . . . . Reactor . | . . . . . . Propulsion 17 | 4 3 1 . . 9 Treads . | . . . . . . Leg . | . . . . . . Wheel 9 | 4 3 1 . . 1 Hover 7 | . . . . . 7 Flight 1 | . . . . . 1 Utility 10 | 2 5 . . . 3 Device 3 | 1 1 . . . 1 Storage 4 | 1 2 . . . 1 Processor 3 | . 2 . . . 1 Hackware . | . . . . . . Protection . | . . . . . . Artifact . | . . . . . . Weapon 31 | 3 15 3 3 . 7 Energy Gun 6 | 2 3 1 . . . Energy Cannon 4 | . . . 2 . 2 Ballistic Gun 4 | 1 3 . . . . Ballistic Cannon 2 | . 2 . . . . Launcher 12 | . 4 2 1 . 5 Special Weapon 2 | . 2 . . . . Impact Weapon . | . . . . . . Slashing Weapon . | . . . . . . Piercing Weapon . | . . . . . . Special Melee Weapon 1 | . 1 . . . . Unidentified Prototypes 5 | . . . 2 . 3 Parts Lost 20 | . 4 2 . . 14 Power 2 | . . 1 . . 1 Propulsion 12 | . 2 1 . . 9 Utility . | . . . . . . Weapon 6 | . 2 . . . 4 Highest Loss Streak 3 | . 2 2 . . 3 To Critical Strikes . | . . . . . . Average Slot Usage (%) 87 | . 92 89 99 100 73 Engine 11 | . 14 12 14 14 8 Wheel 17 | . 26 19 28 28 . Hover 8 | . . . . . 24 Device 1 | . 7 . . . . Storage 11 | . 14 14 14 14 6 Processor 12 | . 1 14 14 14 17 Energy Gun 1 | . 7 2 . . . Energy Cannon 5 | . . . 9 14 5 Ballistic Cannon 2 | . 2 14 4 . . Launcher 11 | . 10 11 13 14 8 Naked Turns . | . . . . . . Heaviest Build 28 | 15 24 18 28 24 24 Greatest Support 33 | 32 20 20 20 20 33 Greatest Overweight (x) 6 | . 1 1 1 1 6 Average Overweight (x) . | . . . . 1 . Largest Inventory Capacity 10 | 8 10 8 8 8 8 Average Capacity 7 | 7 8 8 8 8 5 Most Carried 10 | 8 10 8 8 8 8 Average Carried 6 | 7 7 7 7 7 4 Final Capacity 8 | 8 8 8 8 8 5 Final Carried 8 | 8 7 8 7 8 4 Class Distribution -------------------- 50% | Scavenger-Mutant 48% | Mutant Dominant Class ---------------- Mutant | -10/Materials Mutant | -10/Mines Scavenger-Mutant | -10/Exiles Scavenger-Mutant | -9/Mines Mutant | -8/Materials Resources | -11 -10 -10 -10 -9 -8 ----------- Run | Yrd Mat Min Exi Min Mat Matter Collected 1933 | 354 492 156 . 132 799 Remotely . | . . . . . . Salvage Created 2582 | 289 870 377 . 46 1000 Parts 161 | 26 56 29 . 7 43 Haulers Intercepted 2 | . . . . . 2 Recyclers Shooed 1 | . . . . . 1 Parts Field Recycled . | . . . . . . Retrieved Matter . | . . . . . . Parts Self-Destructed . | . . . . . . Prevented . | . . . . . . Kills | -11 -10 -10 -10 -9 -8 ------- Run | Yrd Mat Min Exi Min Mat Combat Hostiles Destroyed 43 | . 19 5 . 3 16 Guns 4 | . 3 1 . . . Cannons 3 | . 3 . . . . AOE 35 | . 13 4 . 3 15 Classes Destroyed 13 | 3 2 2 . 1 5 Worker 12 | 1 1 4 . . 6 Builder 3 | . . 1 . . 2 Tunneler 10 | 9 1 . . . . Hauler 2 | . . . . . 2 Recycler 4 | 1 . 1 . . 2 Mechanic 2 | . . 2 . . . Operator 1 | . . . . . 1 Watcher 5 | . 3 . . . 2 Swarmer 3 | . . . . 3 . Grunt 34 | . 19 5 . . 10 Brawler 1 | . . . . . 1 Sentry 3 | . . . . . 3 Hunter 2 | . . . . . 2 Best Kill Streak 9 | 6 4 9 . 3 8 Combat Bots Only 5 | . 4 3 . 3 5 Max Kills in Single Turn 4 | 1 3 2 . 2 4 Gunslinging . | . . . . . . Exploded 3 | . 3 1 . 2 2 Melee . | . . . . . . Uniques/NPCs Destroyed . | . . . . . . Combat | -11 -10 -10 -10 -9 -8 -------- Run | Yrd Mat Min Exi Min Mat Hostile Shots Fired 220 | . 88 16 . 8 108 Missed 83 | . 23 5 . 5 50 Damage Taken 2215 | . 778 183 . 21 1233 Core 795 | . 170 53 . 15 557 Absorbed by Shields . | . . . . . . Regen/Repaired (Parts) 65 | . 65 . . . . Core Remaining (%) 52 | 100 . . . 4 . Volleys Fired 157 | 18 61 24 . 3 51 Largest 2 | 2 2 2 . 2 2 Hottest 120 | 70 120 89 . 93 96 Shots Fired 247 | 36 107 31 1 5 67 Gun 89 | 36 51 2 . . . Cannon 45 | . 12 21 . 1 11 Launcher 100 | . 31 8 1 4 56 Special 13 | . 13 . . . . Kinetic 74 | 18 35 21 . . . Thermal 61 | 18 41 2 . . . Explosive 44 | . . . . . 44 Electromagnetic 68 | . 31 8 1 5 23 Robot Hit Streak 9 | 9 6 4 . 1 8 Robot Miss Streak 5 | 3 5 3 . 2 2 Penetration Max . | . . . . . . Secondary Targets . | . . . . . . Shots Hit Robots 104 | 22 42 16 . 1 23 Core Hits 124 | 12 38 18 . 6 50 Critical Kills . | . . . . . . Critical Parts Destroyed . | . . . . . . Critical Strikes 2 | 1 . 1 . . . Burn 1 | 1 . . . . . Blast 1 | . . 1 . . . Melee Attacks 2 | . 2 . . . . Impact . | . . . . . . Slashing . | . . . . . . Piercing . | . . . . . . Sneak Attacks . | . . . . . . Combat Hostiles . | . . . . . . Follow-up Attacks . | . . . . . . Damage Inflicted 5763 | 295 1406 764 . 143 3155 Guns 557 | 295 236 26 . . . Cannons 339 | . 75 223 . . 41 Explosions 4795 | . 1023 515 . 143 3114 Melee . | . . . . . . Ramming . | . . . . . . Kinetic 514 | 134 157 223 . . . Thermal 1376 | 161 352 166 . 25 672 Explosive 1535 | . . . . . 1535 Electromagnetic 2338 | . 897 375 . 118 948 Impact . | . . . . . . Slashing . | . . . . . . Piercing . | . . . . . . Highest Corruption 22 | . 2 2 2 4 22 Average Corruption 6 | . 1 2 2 3 14 Corruption Purged . | . . . . . . Corruption Blocked . | . . . . . . Effects 97 | . 6 5 9 12 65 Message Errors 21 | . 2 . 1 3 15 Matter Fused 23 | . 2 2 4 2 13 Heat Flow Errors 9 | . . 1 . 1 7 Energy Discharges 11 | . 1 . . 1 9 Parts Fused 1 | . . . . 1 . Data Loss (minor) 9 | . . 1 2 1 5 Data Loss (major) 6 | . . . 1 1 4 Misfires 5 | . 1 1 1 1 1 Alerts 4 | . . . . 1 3 Misdirections 6 | . . . . . 6 Weapon Failures 2 | . . . . . 2 Overload Shots . | . . . . . . Overflow Damage 308 | . 9 14 . . 285 Projectiles 2 | . . 2 . . . Explosions 306 | . 9 12 . . 285 Melee . | . . . . . . Knockbacks 2 | . . 2 . . . Impact . | . . . . . . Kinetic 2 | . . 2 . . . Secondary . | . . . . . . Self-Inflicted Damage 393 | . 44 21 . . 328 Shots 18 | . 6 2 . . 10 Rammed . | . . . . . . Targets Rammed . | . . . . . . Kicked . | . . . . . . Crushed . | . . . . . . Highest Temperature 265 | 63 262 148 . 265 263 Average Temperature 61 | 21 54 67 . 129 74 Received Heat Transfer 834 | . 408 66 . . 360 Effects 2 | . 2 . . . . Interference 2 | . 2 . . . . Siege Activations . | . . . . . . Robots Corrupted 1 | . . . . . 1 Combat Hostiles 1 | . . . . . 1 Parts Fried 7 | . 4 1 . . 2 Impact Corruptions . | . . . . . . Robots Melted . | . . . . . . Combat Hostiles . | . . . . . . Parts Melted 3 | 1 1 . . . 1 Heat Transferred 2288 | 555 759 324 . 50 600 Parts Sabotaged . | . . . . . . Parts Stolen . | . . . . . . Parts Stripped . | . . . . . . Power Chain Reactions 11 | . 3 3 . 1 4 Latent Energy Used 1218 | . . . . 90 1128 LE Corruption 24 | . . . . 2 22 Alert | -11 -10 -10 -10 -9 -8 ------- Run | Yrd Mat Min Exi Min Mat Peak Influence 854 | 55 621 521 . 76 854 Initial 200 | . 35 200 . . . Average 296 | 32 250 431 . 5 514 Maximum Alert Level 3 | . 2 2 . . 3 Low Security (%) 42 | 100 40 . . 100 11 Level 1 16 | . 30 36 . . 13 Level 2 29 | . 28 63 . . 43 Level 3 11 | . . . . . 31 Level 4 . | . . . . . . Level 5 . | . . . . . . High Security . | . . . . . . Max Security . | . . . . . . Squads Dispatched 16 | . 6 2 . . 8 Investigation 8 | . 5 . . . 3 Extermination . | . . . . . . Reinforcement 5 | . 1 . . . 4 Assault 3 | . . 2 . . 1 Garrison . | . . . . . . Intercept . | . . . . . . Searches Triggered . | . . . . . . Construction Impeded 3 | . . . . . 3 Haulers Reinforced . | . . . . . . Active Scanning Responses . | . . . . . . Cargo Convoy Interrupts . | . . . . . . Stealth | -11 -10 -10 -10 -9 -8 --------- Run | Yrd Mat Min Exi Min Mat Distress Signals 6 | . 2 . . . 4 Communications Jammed . | . . . . . . Distress Signals . | . . . . . . Times Spotted 106 | . 31 24 . 3 48 Peak Tracking Total 14 | . 5 14 . 3 12 Tactical Retreats 13 | . 4 1 . . 8 Traps | -11 -10 -10 -10 -9 -8 ------- Run | Yrd Mat Min Exi Min Mat Traps Triggered 3 | . 2 . . . 1 Indirectly . | . . . . . . Trap Hack Attempts . | . . . . . . Triggered . | . . . . . . Disarmed . | . . . . . . Reprogrammed . | . . . . . . Reused . | . . . . . . Traps Extracted . | . . . . . . Installed . | . . . . . . Triggered . | . . . . . . Machines | -11 -10 -10 -10 -9 -8 ---------- Run | Yrd Mat Min Exi Min Mat Machines Disabled 22 | . 6 1 1 . 14 Max in Single Turn 3 | . 1 1 1 . 3 Garrison Access 1 | . . . . . 1 Machines Repaired . | . . . . . . Machines Dismantled . | . . . . . . Machines Sabotaged . | . . . . . . Overloaded Fab Kills . | . . . . . . Hacking | -11 -10 -10 -10 -9 -8 --------- Run | Yrd Mat Min Exi Min Mat Machines Accessed 17 | . 5 1 4 1 6 Terminals 8 | . 2 1 . . 5 Fabricators . | . . . . . . Repair Stations 2 | . 1 . . . 1 Recycling Units 2 | . 2 . . . . Scanalyzers . | . . . . . . Garrison Access . | . . . . . . Total Hacks 84 | . 13 3 49 1 18 Successful 67 | . 5 2 49 1 10 Failed 17 | . 8 1 . . 8 Catastrophic 2 | . 2 . . . . Database Lockouts . | . . . . . . Manual 2 | . . . 1 . 1 Terminals 22 | . 4 3 . . 15 Fabricators . | . . . . . . Repair Stations 6 | . 3 . . . 3 Recycling Units 6 | . 6 . . . . Scanalyzers . | . . . . . . Garrison Access . | . . . . . . Terminal Hacks 62 | . 1 2 49 1 9 Record 58 | . 1 1 49 . 7 Open Door 1 | . . . . 1 . Locate Traps 1 | . . . . . 1 Zone Layout 2 | . . 1 . . 1 Fabricator Hacks . | . . . . . . Repair Station Hacks 3 | . 2 . . . 1 Scan Component 2 | . 1 . . . 1 Repair 1 | . 1 . . . . Recycling Unit Hacks 2 | . 2 . . . . Report Inventory 2 | . 2 . . . . Scanalyzer . | . . . . . . Garrison Access Hacks . | . . . . . . Unauthorized Hacks . | . . . . . . Terminals . | . . . . . . Fabricators . | . . . . . . Repair Stations . | . . . . . . Recycling Units . | . . . . . . Scanalyzers . | . . . . . . Garrison Access . | . . . . . . Data Cores Recovered . | . . . . . . Used . | . . . . . . Hacking Detections 12 | . 5 1 . . 6 Full Trace Events 5 | . 3 . . . 2 Feedback Events 1 | . 1 . . . . Corruption 1 | . 1 . . . . Feedback Blocked . | . . . . . . Robot Schematics Acquired . | . . . . . . Robots Built . | . . . . . . Authchips . | . . . . . . Time . | . . . . . . Total Robot Build Rating . | . . . . . . Part Schematics Acquired . | . . . . . . Parts Built . | . . . . . . Authchips . | . . . . . . Time . | . . . . . . Total Part Build Rating . | . . . . . . Parts Repaired 1 | . 1 . . . . Time 16 | . 16 . . . . Parts Recycled . | . . . . . . Recycled Matter . | . . . . . . Retrieved Matter . | . . . . . . Retrieved Components . | . . . . . . Parts Scanalyzed . | . . . . . . Part Schematics Acquired . | . . . . . . Parts Damaged . | . . . . . . Bothacking | -11 -10 -10 -10 -9 -8 ------------ Run | Yrd Mat Min Exi Min Mat Used RIF Installer . | . . . . . . Robots Hacked 1 | . 1 . . . . Non-combat . | . . . . . . Combat 1 | . 1 . . . . Robot Hacks Applied 1 | . 1 . . . . parse_system 1 | . 1 . . . . Relay Couplers Released 2 | . . . . . 2 Machine Destruction 2 | . . . . . 2 Fabnet Peak Effective % . | . . . . . . Robots Rewired . | . . . . . . Allies Hacked . | . . . . . . Hacks Repelled . | . . . . . . Allies | -11 -10 -10 -10 -9 -8 -------- Run | Yrd Mat Min Exi Min Mat Total Allies 1 | . . 1 . . . Largest Group 1 | . . 1 . . . Highest-Rated Group 31 | . . 31 . . . Highest-Rated Ally 31 | . . 31 . . . Total Orders . | . . . . . . Ally Attacks 18 | . . 18 . . . Total Damage 296 | . . 296 . . . Kills 6 | . . 6 . . . Allies Corrupted . | . . . . . . Allies Melted . | . . . . . . Intel | -11 -10 -10 -10 -9 -8 ------- Run | Yrd Mat Min Exi Min Mat Robot Analysis Total . | . . . . . . Derelict Logs Recovered 4 | . . 3 . 1 . Drone Launches . | . . . . . . Drone Recoveries . | . . . . . . Exploration | -11 -10 -10 -10 -9 -8 ------------- Run | Yrd Mat Min Exi Min Mat Turns Passed 4507 | 387 932 404 625 746 1413 Spaces Moved 4013 | 96 761 348 682 671 1455 Core 131 | 9 . . . . 122 Treads . | . . . . . . Legs . | . . . . . . Wheels 2595 | 87 761 348 682 671 46 Hover 953 | . . . . . 953 Flight 334 | . . . . . 334 Fastest Speed 35 | 50 80 80 80 95 35 Average Speed 77 | 83 83 86 89 95 57 Slowest Speed 350 | 100 95 95 95 95 350 Overloaded Moves . | . . . . . . Propulsion Burnouts . | . . . . . . Robots Hopped 8 | . . . . . 8 Cave-ins Triggered . | . . . . . . Exploration Rate (%) 67 | 4 88 63 94 98 58 Regions Visited 5 Branch Regions 3 Pre-discovered Areas 1 | . . . 1 . . Known Exits Taken 4 | . 1 1 1 1 . Unknown Exits Taken 1 | 1 . . . . . Scrap Searched 3 | . . 1 . 2 . Spaces Dug 124 | . 3 1 . . 120 Terrain Destroyed 471 | . 16 33 . 6 416 Melee . | . . . . . . Projectile 14 | . 9 5 . . . AOE 457 | . 7 28 . 6 416 Terrain Rammed . | . . . . . . Walls Destroyed . | . . . . . . Machines Disabled . | . . . . . . Actions | -11 -10 -10 -10 -9 -8 --------- Run | Yrd Mat Min Exi Min Mat Total 5130 | 366 923 418 698 777 1948 Wait 803 | 220 46 35 . 95 407 Move 3992 | 95 760 347 681 670 1439 Hop 8 | . . . . . 8 Pick Up 56 | 17 14 4 5 5 11 Fast Attach 11 | 4 2 1 . . 4 Attach 22 | 3 8 1 3 . 7 Detach 3 | . . . 2 . 1 Swap 36 | 3 18 4 . . 11 Drop 39 | 6 12 2 6 4 9 Fire 157 | 18 61 24 . 3 51 Melee 2 | . 2 . . . . Ram . | . . . . . . Kick . | . . . . . . Crush . | . . . . . . Escape Stasis . | . . . . . . Rewire 1 | . . . 1 . . Trap . | . . . . . . Miscellaneous . | . . . . . . Route ------- -11/Scrapyard -10/Materials (discovered 5 exits: *Mat x3 / *Min x2) -10/Mines (discovered 2 exits: *Mat / *Exi) -10/Exiles (discovered 2 exits: *Min x2) -9/Mines (discovered 2 exits: *Mat x2) -8/Materials (discovered 1 exit: *Fac) History --------- Turn | Location | Event 18 | -11/Scrapyard | Discovered new exit (range 15) 388 | -11/Scrapyard | Entered Materials 389 | -10/Materials | Build established: Mutant 661 | -10/Materials | Discovered new exit (range 13) 860 | -10/Materials | Discovered new exit (range 9) 891 | -10/Materials | Core integrity fell below 50% 954 | -10/Materials | Discovered new exit (range 8) 1009 | -10/Materials | Discovered new exit (range 6) 1056 | -10/Materials | Repaired EMP Blaster 1141 | -10/Materials | Discovered new exit (range 8) 1301 | -10/Materials | Identified exit to Materials 1319 | -10/Materials | Identified exit to Mines 1320 | -10/Materials | Entered Mines 1380 | -10/Mines | Discovered exit to Materials (range 10) 1392 | -10/Mines | Met a Derelict testing a Signal Generator 1406 | -10/Mines | Found Signal Generator 1465 | -10/Mines | Core integrity fell below 20% 1523 | -10/Mines | Learned 2 Materials zone layouts 1577 | -10/Mines | Learned 2 Materials zone layouts 1586 | -10/Mines | Found a hidden stash of uninstalled traps 1654 | -10/Mines | Deemed a non-threat by the Exiles lab entrance 1654 | -10/Mines | Discovered new exit (range 5) 1656 | -10/Mines | Identified exit to Exiles 1693 | -10/Mines | Assembled infested the area 1724 | -10/Mines | Entered Exiles 1725 | -10/Exiles | Identified exit to Mines 1744 | -10/Exiles | Met 8R-AWN 1757 | -10/Exiles | Met EX-HEX 1810 | -10/Exiles | Met EX-DEC 1838 | -10/Exiles | Learned location of Zion (-7) 1852 | -10/Exiles | Met EX-BIN 1865 | -10/Exiles | Build established: Scavenger-Mutant 1866 | -10/Exiles | Aligned with FarCom system 1867 | -10/Exiles | Given EX-Vault access code 1905 | -10/Exiles | Opened EX-Vault 1913 | -10/Exiles | Found Prototype Energy Cannon 1916 | -10/Exiles | Identified YOLO Cannon 1917 | -10/Exiles | Found Prototype Energy Cannon 1921 | -10/Exiles | Identified Latent Energy Streamer 1971 | -10/Exiles | Warned to stay clear of 0b10 Research branches 2130 | -10/Exiles | Visited The Gauntlet 2349 | -10/Exiles | Left Exiles lab with Latent Energy Streamer 2349 | -10/Exiles | Entered Mines 2362 | -9/Mines | Met a Derelict bent on vengeance 2388 | -9/Mines | Found the Drone Emporium 2840 | -9/Mines | Discovered new exit (range 6) 2843 | -9/Mines | Identified exit to Materials 2851 | -9/Mines | Learned Materials terminal intel 2906 | -9/Mines | Discovered exit to Materials (range 6) 3095 | -9/Mines | Entered Materials 3095 | -8/Materials | Evolved 4 slots: Propulsion x3, Utility x1 3097 | -8/Materials | Loaded intel: 12 terminal locations 3585 | -8/Materials | System corruption reached 10% 3988 | -8/Materials | Lost 3 parts (3n) 4017 | -8/Materials | Discovered new exit (range 9) 4045 | -8/Materials | Build established: Mutant 4046 | -8/Materials | Identified exit to Factory 4162 | -8/Materials | Core integrity fell below 50% 4213 | -8/Materials | Lost 3 parts (1n2w) 4265 | -8/Materials | Core integrity fell below 20% 4508 | -8/Materials | Destroyed by G-50 Soldier with Heavy Laser Last Messages --------------- 04329_ U-05 Engineer lays Concrete. 04346_ 1SPODX3PDM>AW/KOY6 RRJNUS O8QRQB 04367_ System corrupted: Energy discharge (-65). 04384_ System corrupted: IFF burst signal emitted. 04402_ K-01 Serf cleans the Terminal. 04403_ U-05 Engineer builds a Wall. 04406_ System corrupted: Energy discharge (-90). 04426_ System corrupted: Matter fused (-5). 04441_ RFKA PUJFMHR>LP|>ADCLYY 04477_ Acquired 112 matter. 04482_ Acquired Hardlight Generator. 04483_ Dropped Hardlight Generator. 04488_ System corrupted: Component data lost. 04499_ Electrolysis Chamber disabled. 04503_ System corrupted: Component data lost. 04507_ O-24 Administrator sends out distress signal. 04507_ O-24 Administrator: "IFF HANDSHAKE FAILED. SECURING TERMINAL." 04507_ Penetrated by Slug. 04507_ Imp. VTOL Module destroyed. [Achievement: 5k Club] Map ----- +----------------------------------------------------+ | ??????????????????????????????????????????????? | | ??????????????????????????????????????????????? | | ??????????????????????????????????????????????? | | ??????????????????????????????????????????????? | | ??????????????????????????????????????????????? | | ????????????????######????????????????????????? | | ???????????????? #????????????????# #???? | | ?????????????### # #????????????????# #???? | | ?????????????# ##???????????????# #???? | | ##??????????## # #???????????????# #???? | | ##?????????# # # ##???????????????# #???? | | ##???????## # # #???????????????# #???? | | #??###### # # #???????????????# #???? | | ## #?############ #????############ #???? | | # #### # #??????# ## #???? | | ###### ########???# """"" ## #???? | | # # !#???# ""T"" ## #???? | | !! # # """ #???# ## #???? | | # " " # """ #???# """ """ ## #???? | | "G" # " """ + """ #???# """ """ ## #???? | | " " # # #???# """ """ ## #???? | | # # !#???# o ## ##??? | | #######+######+#############+### #??? | | % #??? | | k g H #??? | | g wk ka @ g #??? | | ####"########+############## g####### #??? | | """ "" #? ????????????# #?????#######??? | | """ """ ## ????????????# #??????????????? | | """ """ ## """????????????# #??????????????? | | ## """????????????# #??????????????? | | ! ## """"""" #??????# #??????????????? | | ## """"""" #??????# #??????????????? | | ########### """"""" #??????# #########??????? | | ??????????# #?????## ## #??????? | | ??###################?????# # T #??????? | | ??# #?????????????# # #??????? | | ??# #?????????????# Y + #??????? | | ??# #?????????????# # #??????? | | ??# #?????????????# # #??????? | | ??# """ """ #?????????????### #####+########### | | ??# """ """ #???????????????# #???# #?# # | | ??# """ """ #???????????????# #???# #?# """" # | | ??# #???????????????# #???# #?# """" # | | ??######+#################### ##### ### """" # | | ####### # # | | # + """" # | | # # """" # | | + #####+##################+##+# """" # | | # # #????????# # # | +----------------------------------------------------+ Best States ------------- Heat Dissipation 31 Energy Generation 14 Energy Capacity 450 Matter Stores 300 Matter Capacity 300 Sight Range 18 Robot Scan Range 14 Terrain Scan Range 16 Terrain Scan Density 10 Evasion (%) 63 Targeting Accuracy 6 Authchip Count 1 Item Schematics ----------------- None Robot Schematics ------------------ None Fabricated ------------ Nothing Alien Tech Used ----------------- None Achievements -------------- 5k Club Close Call Maybe Next Time I'll Detach My Launcher Power Corrupts System Compromised Challenges ------------ None Game ------ Seed BottomlessTiamatDevice Manual? 0 Play Time 01:58:59 Cumulative 6.4 hours Start 2024.06.08 @ 10:29:21 End 2024.06.09 @ 14:57:56 Sessions 6 Manual Loads 0 Difficulty Rogue Special Mode None Game No. 4 Rogue 3 Adventurer 1 Explorer 0 Win Type - Total 0 Types 0/0/0/0/0/0/0/0/0 Lore% 14 Gallery% 7 Achievement% 10 Wizard Run 0 Options --------- Layout 1 ASCII 0 Keyboard 0 Movement Mouse Keybinds 0 Fullscreen 2 Font 24/Proggy Map View 76x35 Zoom Use 0% Tactical HUD 1 Map Filters NONE Filters NONE Steam 1 RUN: a5aa3b5d-28c4-4437-8e8d-e6e338aaefb3